Map: Galactic Process LE

Players

Fropez

  • Race: Protoss Protoss
  • League: Gold
  • Spawn Location: 1:00

toiletduck - Winner!

  • Race: Terran Terran
  • League: Gold
  • Spawn Location: 7:00

VOD

Have the link to the VOD?

Description

Time

  • Played on: Nov. 12, 2016, 1:05 p.m.
  • Length: 29:52
Show
View Real Time Build Order
Export as new Build Order

Fropez Protoss 

Build Orders: Blink Stalkers 

Get SALT Encoding   

  12  0:01  Probe (Chrono Boost)  
  14  0:14  Probe (Chrono Boost)  
  14  0:19  Pylon  
  14  0:25  Probe (Chrono Boost)  
  15  0:37  Probe (Chrono Boost)  
  15  0:40  Gateway  
  16  0:47  Probe (Chrono Boost)  
  17  0:52  Assimilator  
  17  0:58  Probe (Chrono Boost)  
  18  1:09  Probe (Chrono Boost)  
  19  1:14  Pylon  
  19  1:19  Probe (Chrono Boost)  
  19  1:25  Assimilator  
  20  1:30  Probe (Chrono Boost)  
  20  1:31  Gateway  
  21  1:43  Cybernetics Core  
  21  1:44  Probe (Chrono Boost)  
  22  1:54  Probe (Chrono Boost)  
  23  2:05  Pylon  
  23  2:10  Pylon  
  23  2:17  Pylon  
  23  2:23  Warp Gate (Chrono Boost)  
  23  2:28  Mothership Core  
  25  2:37  Stalker x2  
  29  2:51  Twilight Council  
  29  2:54  Probe  
  30  3:06  Probe  
  30  3:08  Stalker x2  
  35  3:13  Gateway  
  35  3:19  Probe  
  36  3:22  Pylon  
  36  3:31  Probe  
  37  3:34  Blink (Chrono Boost)  
  37  3:48  Probe  
  38  3:50  Gateway  
  38  4:01  Probe  
  40  4:17  Probe  
  40  4:27  Pylon  
  40  4:29  Probe  
  41  4:34  Stalker x3  
  47  4:45  Probe  
  48  4:58  Pylon  
  48  5:05  Nexus  
  48  5:08  Pylon  
  48  5:16  Probe  
  48  5:19  Adept x2  
  53  5:28  Probe  
  54  5:34  Adept x2  
  58  5:40  Probe  
  59  5:48  Adept  
  61  5:50  Adept  
  63  6:05  Resonating Glaives (Chrono Boost)  
  63  6:10  Pylon  
  63  6:16  Probe x2  
  63  6:17  Gateway  
  63  6:18  Robotics Facility  
  65  6:27  Probe  
  65  6:28  Probe  
  67  6:38  Probe  
  68  6:40  Probe  
  68  6:45  Zealot x2  
  68  6:46  Zealot x2  
  77  6:48  Probe  
  77  6:52  Probe  
  79  6:56  Assimilator  
  79  6:58  Assimilator  
  79  7:02  Probe  
  79  7:03  Pylon  
  80  7:12  Gateway  
  80  7:13  Probe  
  81  7:18  Stalker x2  
  83  7:28  Probe  
  74  7:31  Probe  
  74  7:32  Adept x3  
  81  7:38  Immortal (Chrono Boost)  
  85  7:47  Pylon  
  85  7:49  Pylon  
  85  7:56  Sentry x2  
  85  7:57  Sentry x2  
  85  7:58  Pylon  
  89  8:17  Adept x2  
  91  8:25  Gateway  
  91  8:28  Gateway  
  90  8:38  Stalker x4  
  90  8:39  Stalker x2  
  102  9:08  Pylon  
  99  9:16  Pylon  
  99  9:18  Pylon  
  85  9:46  Nexus  
  85  9:49  Gateway  
  85  9:52  Forge  
  85  9:54  Pylon  
  85  9:59  Pylon  
  85  10:01  Assimilator  
  85  10:03  Stalker  
  85  10:05  Pylon, Stalker  
  89  10:10  Stalker x3  
  95  10:24  Probe  
  96  10:43  Photon Cannon  
  96  10:51  Photon Cannon  
  96  11:06  Photon Cannon  
  94  11:15  Photon Cannon  
  94  11:22  Protoss Shields Level 1 (Chrono Boost)  
  94  11:27  Templar Archives  
  94  11:29  Pylon  
  94  11:34  Pylon  
  94  11:38  Warp Prism  
  96  11:57  Probe x2  
  92  12:31  High Templar x6  
  92  12:35  Archon x2  
  92  12:36  Nexus, Archon  
  104  12:40  Pylon  
  104  12:43  Pylon  
  104  12:45  Psionic Storm  
  104  13:00  Gateway  
  104  13:05  Pylon  
  104  13:25  Pylon  
  104  13:32  Photon Cannon  
  104  13:33  High Templar x5  
  114  13:35  Photon Cannon  
  114  13:36  Protoss Shields Level 2  
  114  13:38  Probe  
  114  13:40  Photon Cannon  
  115  14:01  Gateway  
  115  14:05  Assimilator  
  115  14:07  Probe  
  115  14:08  Probe  
  115  14:09  Assimilator  
  117  14:11  Gateway  
  117  14:15  Photon Cannon  
  117  14:25  High Templar x2  
  121  14:33  Probe x2  
  121  14:56  High Templar x2  
  121  14:59  Nexus  
  125  15:03  Assimilator  
  125  15:05  Assimilator  
  125  15:10  Pylon  
  125  15:12  Pylon  
  124  15:24  High Templar x2  
  124  15:28  Zealot x6  
  134  15:29  Zealot  
  142  15:43  Charge (Chrono Boost)  
  134  16:06  Pylon  
  134  16:08  Pylon x2  
  123  16:25  Archon x3  
  107  16:44  Nexus  
  107  16:56  Assimilator  
  107  16:57  Pylon, Nexus  
  107  16:59  Pylon  
  107  17:01  Assimilator  
  107  17:08  Pylon, High Templar x4  
  111  17:11  Pylon  
  111  17:15  Pylon  
  119  17:16  Warp Prism  
  119  17:18  Assimilator x2  
  119  17:22  Photon Cannon  
  117  17:28  Assimilator  
  117  17:30  Stalker x4  
  117  17:31  Stalker  
  117  17:34  Photon Cannon  
  127  17:40  Pylon  
  127  17:44  Pylon  
  127  18:24  Archon  
  127  18:25  Archon x3  
  127  18:28  Zealot x4  
  127  18:29  Zealot x5  
  145  18:39  Pylon  
  145  18:41  Gateway  
  145  18:43  Gateway  
  145  18:45  Gateway  
  145  18:49  Gateway  
  145  18:54  Pylon, Probe  
  145  18:55  Probe  
  145  18:56  Probe x2  
  145  18:57  Mothership Core  
  145  18:59  Pylon  
  151  19:08  High Templar x4  
  151  19:09  High Templar x2  
  163  19:55  Zealot x5  
  163  19:56  Zealot x4  
  129  20:35  Probe x2  
  129  20:36  Probe x3  
  129  20:42  High Templar x7  
  144  20:43  High Templar x4  
  144  20:44  High Templar x2  
  144  20:48  Archon x5  
  144  20:49  Archon  
  154  21:13  Gateway, Photon Cannon  
  154  21:17  Stalker x5  
  154  21:18  Photon Cannon, Stalker x2  
  162  21:23  Observer  
  162  21:24  Photon Cannon  
  163  21:26  Photon Cannon  
  161  21:44  Observer  
  114  21:55  High Templar x4  
  114  21:56  High Templar x3  
  114  21:57  High Templar x3  
  114  22:00  Archon x3  
  132  22:01  Archon  
  113  22:23  Archon  
  92  22:33  High Templar x2  
  92  22:34  High Templar x3  
  92  22:36  Zealot x3  
  92  22:37  Zealot x3  
  106  22:40  Archon  
  106  22:41  Archon  
  95  22:57  High Templar  
  95  22:58  High Templar x2  
  91  23:00  Zealot x3  
  91  23:02  Archon  
  88  23:41  Zealot x5  
  90  23:42  Zealot x5  
  108  23:53  Probe  
  108  23:54  Nexus, Probe  
  108  23:55  Probe x2  
  112  23:56  Assimilator  
  112  24:01  Assimilator  
  111  24:04  Pylon, Probe  
  111  24:06  Pylon  
  111  24:07  Probe x2  
  114  24:10  Pylon  
  114  24:13  Pylon  
  110  24:42  Forge  
  108  24:47  Photon Cannon  
  108  24:50  Photon Cannon  
  108  24:52  Photon Cannon  
  108  24:54  Pylon  
  108  24:56  Pylon  
  108  24:58  Probe x2  
  108  24:59  Probe x2  
  112  25:00  Pylon  
  112  25:02  Pylon  
  112  25:06  Pylon  
  112  25:09  Pylon  
  69  25:34  High Templar x4  
  69  25:35  High Templar x5  
  83  25:50  Probe  
  83  25:51  Probe  
  83  25:52  Probe  
  86  26:01  Probe x2  
  88  26:04  Probe  
  88  26:22  Nexus  
  88  26:24  Pylon  
  82  26:42  High Templar  
  82  26:43  High Templar x6  
  90  27:02  Archon x5  
  90  27:03  Archon  
  81  27:22  High Templar  
  82  27:23  Zealot  
  82  27:24  Zealot x3  
  82  28:01  Zealot x4  
  82  28:02  Zealot x3  
  94  28:34  Assimilator  
  94  28:38  Assimilator  
  94  28:41  Probe x2  
  94  28:42  Probe  
  97  28:51  Probe  
  97  29:09  Gateway  
  75  29:22  Zealot x3  
  75  29:23  Forge, Zealot x2  
  83  29:29  Dark Shrine  
  83  29:45  Zealot x4  
Show
View Real Time Build Order
Export as new Build Order

toiletduck Terran - Winner!

Build Orders: MMM Bio 

Get SALT Encoding   

  12  0:02  SCV  
  13  0:14  SCV  
  14  0:18  Supply Depot  
  14  0:26  SCV  
  15  0:40  SCV  
  16  0:43  Barracks  
  16  0:52  SCV  
  16  0:53  Supply Depot  
  17  1:04  SCV  
  18  1:30  Marine  
  19  1:37  SCV  
  20  1:49  SCV  
  20  1:51  Refinery  
  20  1:52  Refinery  
  21  2:02  Marine  
  22  2:08  Barracks  
  22  2:14  SCV  
  23  2:36  Barracks Reactor, Command Center  
  23  2:38  SCV  
  24  2:50  SCV  
  25  2:59  Factory  
  25  3:00  Barracks Tech Lab  
  25  3:05  SCV  
  25  3:11  Engineering Bay  
  26  3:17  Marine  
  26  3:18  Marine  
  28  3:20  Supply Depot  
  28  3:23  SCV  
  29  3:32  Stimpack  
  29  3:35  Marine  
  29  3:39  SCV  
  31  3:55  Missile Turret  
  31  3:57  Factory Reactor  
  31  4:01  Starport  
  31  4:10  SCV  
  32  4:21  Marine x3  
  32  4:22  SCV  
  36  4:38  Marine  
  36  4:39  Marine  
  36  4:42  Barracks  
  38  4:51  Armory  
  38  4:55  Terran Infantry Weapons Level 1  
  38  5:02  Factory Tech Lab  
  38  5:11  Orbital Command  
  39  5:14  SCV  
  39  5:22  Marine  
  39  5:23  Marine  
  41  5:31  Orbital Command  
  40  5:53  Refinery  
  40  5:55  Refinery  
  40  5:56  SCV, Missile Turret  
  42  5:57  SCV  
  42  6:02  Medivac x2  
  42  6:03  Marine  
  47  6:04  Marine  
  48  6:13  Siege Tank  
  48  6:16  SCV  
  48  6:18  SCV  
  53  6:21  Barracks Tech Lab  
  53  6:29  Marine  
  54  6:41  Supply Depot  
  54  6:45  Supply Depot  
  54  6:52  Missile Turret  
  54  7:02  Marine x2  
  54  7:03  Siege Tank, SCV, Marauder  
  54  7:04  Combat Shields  
  54  7:07  SCV  
  63  7:17  SCV  
  63  7:19  SCV, Marauder  
  63  7:20  Marine  
  63  7:22  Terran Infantry Armor Level 1  
  67  8:20  Siege Tank  
  70  8:33  Marine  
  70  8:39  Marine  
  70  9:09  Marine  
  70  9:23  Marine  
  70  9:31  Marine  
  70  9:32  Marauder, Medivac  
  70  9:34  Marauder  
  70  9:35  Medivac  
  66  9:40  Marine  
  67  9:49  Marine  
  68  9:54  Marauder  
  68  9:55  Command Center  
  70  10:01  Marine, Marauder  
  70  10:04  Barracks  
  70  10:05  Barracks, Terran Infantry Weapons Level 2  
  70  10:06  Engineering Bay  
  70  10:07  Marine, Terran Vehicle Weapons Level 1  
  73  10:12  Command Center  
  74  10:14  Marine  
  74  10:18  Marine, SCV x2  
  78  10:23  Marauder  
  78  10:24  Marine  
  81  10:30  SCV  
  81  10:31  SCV  
  81  10:33  Marauder  
  85  10:36  Marine  
  85  10:39  Missile Turret  
  85  10:41  Terran Infantry Armor Level 2  
  86  10:56  Sensor Tower  
  86  10:57  Missile Turret x2  
  86  11:06  Marine x3, SCV  
  86  11:07  Marauder  
  92  11:13  Liberator x2  
  92  11:25  Missile Turret  
  92  11:26  Sensor Tower, Missile Turret  
  92  11:30  Marine  
  92  11:31  Marine x2, Marauder, Missile Turret  
  103  11:35  Orbital Command  
  103  11:39  Refinery  
  103  11:48  Marine x2  
  103  11:49  Marauder  
  103  11:50  Refinery  
  103  11:52  Marine  
  108  12:06  Marine  
  109  12:19  Supply Depot x2  
  109  12:22  Supply Depot x2  
  109  12:24  Supply Depot  
  109  12:27  SCV  
  109  12:28  SCV x2  
  109  12:29  Supply Depot  
  113  12:34  Planetary Fortress  
  112  12:51  Missile Turret  
  112  12:52  Missile Turret x2  
  112  12:53  Missile Turret  
  112  12:54  Missile Turret  
  112  12:55  Missile Turret  
  112  13:00  Missile Turret  
  112  13:01  Missile Turret  
  112  13:03  SCV x3  
  115  13:33  Refinery  
  115  13:34  Refinery  
  115  13:39  Viking x2  
  115  13:41  Marine x3  
  119  13:42  Marauder  
  119  13:44  Terran Infantry Weapons Level 3, Terran Infantry Armor Level 3  
  124  13:56  Siege Tank  
  124  13:59  Marine x2  
  124  14:00  Marauder  
  131  14:03  Marauder  
  131  14:09  Viking, Medivac  
  137  14:12  Sensor Tower  
  137  14:28  Siege Tank  
  140  14:36  SCV  
  140  14:37  Marine x3, SCV x2  
  140  14:38  Marauder  
  148  14:39  Medivac  
  148  14:44  Barracks Tech Lab  
  148  14:45  Barracks Tech Lab  
  150  14:47  Marine  
  151  14:55  Marine x2  
  151  14:56  Marauder  
  151  14:59  Marauder  
  157  15:05  Marine  
  158  15:13  Marine x2  
  160  15:17  Marauder  
  160  15:20  Marauder  
  164  15:23  Marine  
  165  15:30  Marine  
  166  15:38  Marauder  
  166  15:42  Marauder  
  170  16:00  Marauder  
  169  16:12  Liberator x2  
  94  16:25  Marine  
  94  16:26  Marine x2, Marauder x3  
  94  16:27  Siege Tank  
  112  16:36  Ghost Academy  
  112  16:37  Ghost Academy  
  112  16:43  Marine, Barracks  
  113  16:48  Marauder x2  
  113  16:49  Marine, Marauder  
  113  16:52  Barracks Tech Lab  
  113  16:53  Concussive Shells  
  113  16:54  Barracks  
  120  16:55  Barracks x2, Liberator x2  
  120  16:56  Terran Vehicle And Ship Armor Level 1  
  120  16:59  Siege Tank  
  123  17:09  Marauder x2  
  123  17:10  Marauder  
  135  17:17  Marauder  
  135  17:18  Marine x2  
  139  17:30  Marauder  
  139  17:31  Thor, Marauder  
  139  17:32  Marauder  
  139  17:34  Fusion Core  
  139  17:35  Marine x2  
  153  17:38  Marauder  
  153  17:43  SCV x2  
  153  17:44  SCV  
  158  17:48  Barracks Tech Lab  
  158  17:49  Barracks Tech Lab x3  
  158  17:52  Marine, Marauder x2  
  163  18:04  SCV x3  
  166  18:20  Liberator x2  
  166  18:34  Factory  
  166  18:39  Starport  
  166  18:40  Orbital Command  
  166  18:41  Starport  
  172  18:55  Terran Vehicle Weapons Level 2  
  172  19:06  Marine x4  
  172  19:07  Marauder x2  
  180  19:11  Armory  
  180  19:19  Marine x4, Siege Tank  
  180  19:20  Factory Tech Lab  
  180  19:23  Marine  
  188  19:27  Supply Depot  
  188  19:28  Supply Depot  
  188  19:30  Starport Tech Lab x2  
  188  19:31  Supply Depot  
  188  19:32  Starport Reactor  
  188  19:48  Marine, Medivac x2  
  188  19:51  Siege Tank, Refinery  
  196  19:58  Refinery  
  140  20:28  Marine  
  140  20:29  Marine x5, Marauder x2  
  140  20:30  Marauder x2  
  140  20:32  Medivac x3  
  140  20:34  Advanced Ballistics  
  160  20:46  Marine x2  
  160  20:47  Marine, Marauder x2  
  160  20:48  Marauder  
  169  20:50  Marine  
  169  20:51  Marauder  
  166  21:46  Liberator  
  143  21:53  Marine  
  143  21:54  Marine x2, Marauder x2  
  138  21:57  Medivac x4  
  151  22:09  Liberator  
  151  22:10  Liberator x3  
  140  22:32  Marine x2  
  140  22:33  Marine x4, Marauder x2  
  140  22:34  Marauder x2  
  140  22:35  Siege Tank  
  157  22:50  Marine x2  
  157  22:51  Marine, Marauder x3  
  158  22:54  Marine  
  160  23:01  Marine x2  
  160  23:02  Marauder  
  164  23:08  Marine x2  
  164  23:09  Marauder  
  164  23:11  Marine  
  164  23:12  Marine x3  
  167  23:18  Ghost x2  
  159  27:39  Marine x5, Marauder  
  159  27:40  Marine x2, Marauder x2  
  143  27:56  Marine, Medivac x4  
  143  27:57  Marine x2, Marauder  
  143  27:58  Marine, Marauder x2  
  147  28:00  Thor x2  
  147  28:01  Marine x2, Marauder  
  163  28:14  Marine x2  
  163  28:15  Marine  
  163  28:16  Marauder  
  163  28:18  Ghost x2  
  172  28:43  Thor x2  
  184  28:50  Marine  
  184  28:51  Marine x5, Marauder  
  184  28:52  Marauder x3  
  198  29:08  Marine x2  
  198  29:09  Marine x2  
  198  29:12  Marine, Marauder  
Tags
 
Add a new tag
Caveats
  • Supply blocks, unpowered buildings, or Contaminate may cause inaccurate times.
  • Supply counts are checked every 10 seconds.